 Dungeon Crawl Stone Soup version 0.31.0-9-g3a7656b989 (webtiles) character file.

Game seed: 1038893420677503940

81 qw the Shooter (level 4, 0/22 HPs)
             Began as a Spriggan Hunter on Feb 2, 2024.
             Slain by a gnoll
             ... wielding a +0 halberd
              (12 damage)
             ... on level 3 of the Dungeon.
             The game lasted 00:00:05 (1442 turns).

qw the Shooter (Spriggan Hunter)                    Turns: 1442, Time: 00:00:05

Health: 0/22       AC:  2    Str:  7    XL:     4   Next: 20%
Magic:  5/5        EV: 20    Int: 10    God:
Gold:   105        SH:  0    Dex: 20    Spells: 3/3 levels left

rFire   . . .        a - +1 shortbow
rCold   . . .        (shield currently unavailable)
rNeg    . . .        c - +0 robe
rPois   .            (helmet restricted)
rElec   .            (no cloak)
rCorr   .            (gloves unavailable)
SInv    +            (boots unavailable)
Will    .....        f - amulet of regeneration
Stlth   ++           (no ring)
HPRegen 1.03/turn    (no ring)
MPRegen 0.09/turn

%: no passive effects
@: very quick
A: very small, no large weapons, unfitting armour, see invisible, speed 3
a: no special abilities


You were on level 3 of the Dungeon.
You visited 1 branch of the dungeon, and saw 3 of its levels.

You collected 105 gold pieces.


Innate Abilities, Weirdness & Mutations

You are very small and have problems with some larger weapons.
You are too small for most types of armour.
You have supernaturally acute eyesight. (SInv)
You cover ground extremely quickly. (Speed+++)


   Skills:
 - Level 1.5 Fighting
 - Level 5.0 Ranged Weapons
 + Level 4.6 Dodging
 - Level 1.5 Stealth


You had 3 spell levels left.
You didn't know any spells.
Your spell library was empty.

Inventory:

Hand Weapons
 a - a +1 shortbow (weapon)
Armour
 c - a +0 robe (worn)
Jewellery
 f - an amulet of regeneration (around neck)
Scrolls
 d - a scroll of teleportation {unknown}
Potions
 b - a potion of haste
 e - a potion of heal wounds {unknown}
 g - a potion of curing
 h - a potion of enlightenment {unknown}
 j - a potion of cancellation

Dungeon Overview and Level Annotations

Branches:
Dungeon (3/15)

Altars:


Message History

You shoot an arrow. The arrow closely misses the gnoll.
A gnoll comes into view. It is wielding a +3 flail.
You shoot an arrow. The arrow closely misses the gnoll.
The gnoll shouts!
You shoot an arrow. The arrow hits the gnoll.
The gnoll is heavily wounded.
You shoot an arrow. The arrow hits the gnoll.
The gnoll is severely wounded.
The gnoll completely misses you. The gnoll barely misses you.
You shoot an arrow. The arrow hits the gnoll.
You kill the gnoll!
The gnoll completely misses you. The gnoll misses you.
You shoot an arrow. The arrow hits the gnoll.
The gnoll is moderately wounded.
The gnoll completely misses you.
You shoot an arrow. The arrow closely misses the gnoll.
The gnoll closely misses you.
You shoot an arrow. The arrow barely misses the gnoll.
The gnoll closely misses you.
You shoot an arrow. The arrow closely misses the gnoll.
The gnoll completely misses you. The gnoll misses you.
You shoot an arrow. The arrow hits the gnoll!
The gnoll is severely wounded.
The gnoll hits you with a +3 flail.
The gnoll hits you from afar with a +0 halberd!
You shoot an arrow.
The arrow hits the gnoll but does no damage.
The gnoll is severely wounded.
The gnoll closely misses you. The gnoll completely misses you.
You shoot an arrow. The arrow hits the gnoll.
The gnoll is almost dead.
The gnoll misses you. The gnoll completely misses you.
The gnoll closely misses you. The gnoll completely misses you.
You shoot an arrow. The arrow completely misses the gnoll.
The gnoll completely misses you. The gnoll closely misses you.
You shoot an arrow. The arrow barely misses the gnoll.
The gnoll completely misses you.
The gnoll hits you from afar with a +0 halberd!
Ouch! That really hurt!
You die...

##++###################
~.....~~~~~~~~~~~~~~~~~~
~.....~~~~~~~~~~~~~~~~~~
~~.....~~~~~~~~~~~~~~~~~
~~...(~.~~..~~.~~.~~.~~~
........................
.....(..........@.......
......#..##.....g......#
#####(#.###.....#g####.#
....................
..........#.....#.#...
......#....######.#.##
#####.#.##.... .# .
......#.<#.##. .. ..
.........# . #


You could see 2 gnolls.

Vanquished Creatures
  A gnoll (D:3)
  3 adders
  A ribbon worm (D:2)
  A dart slug (D:1)
  4 bats
  5 endoplasms
  A giant cockroach (D:2)
  5 goblins
  3 hobgoblins (D:1)
  3 ball pythons
  2 frilled lizards
  8 kobolds
  3 rats
40 creatures vanquished.

Notes
Turn   | Place    | Note
-------+----------+-------------------------------------------
     0 | D:1      | qw the Spriggan Hunter began the quest for the Orb.
     0 | D:1      | Reached XP level 1. HP: 10/10 MP: 2/2
     0 | D:1      | 0 ||| qw: Version: 0.3-a-155-g5e7d8dd
     0 | D:1      | 0 ||| qw: Game counter: 1628
     0 | D:1      | 0 ||| qw: Melee chars always use a shield: true
     0 | D:1      | 0 ||| qw: God list: Okawaru
     0 | D:1      | 0 ||| qw: Allow faded altars: false
     0 | D:1      | 0 ||| qw: Do Orc after clearing Dungeon:15 true
     0 | D:1      | 0 ||| qw: Do second Lair branch before Depths: true
     0 | D:1      | 0 ||| qw: Lair rune preference: random
     0 | D:1      | 0 ||| qw: Goals: Normal
     0 | D:1      | 0 ||| PLANNING D:1-11
    22 | D:1      | Reached skill level 3 in Dodging
    76 | D:1      | Found a faded altar of an unknown god.
    76 | D:1      | Noticed a hell beast
   105 | D:1      | Reached XP level 2. HP: 14/14 MP: 3/3
   511 | D:1      | 511 ||| DROPPING ring of wizardry.
   512 | D:1      | 512 ||| READING scroll labelled MIUZOZUJ LIWK.
   540 | D:1      | 540 ||| READING scroll labelled OMIOFODUHU.
   541 | D:1      | 541 ||| READING scroll labelled ISTEFA CAUFFI.
   642 | D:1      | 642 ||| READING scroll labelled ZOHUPR NUELELI.
   642 | D:1      | 642 ||| IDENTIFYING bubbling ruby potion
   643 | D:1      | 643 ||| DRINKING 2 sedimented inky potions.
   644 | D:1      | 644 ||| DROPPING scroll of butterflies.
   714 | D:2      | Reached XP level 3. HP: 7/18 MP: 4/4
  1308 | D:2      | 1308 ||| UPGRADING to amulet of regeneration.
  1313 | D:2      | 1313 ||| READING scroll labelled WONASI CIFO.
  1313 | D:2      | 1313 ||| ENCHANTING +0 shortbow.
  1314 | D:2      | 1314 ||| DRINKING 2 yellow potions.
  1332 | D:3      | Reached skill level 5 in Ranged Weapons
  1404 | D:3      | 1404 ||| FLEEEEING.
  1410 | D:3      | Reached XP level 4. HP: 22/22 MP: 5/5
  1442 | D:3      | Slain by a gnoll

Levels and vault maps discovered:
D:1:      minmay_arrival_arboretum_small, layout_rooms,
          dreamdust_ecumenical_altar_sealed_demon
D:2:      layout_basic, kennysheep_generic_room_13
D:3:      minmay_goblin_kobold_castle, layout_basic, kiku_gazebo_pond_becter

Skill      XL: |  1  2  3 |
---------------+----------+-----
Dodging        | 3 4 |  4.6
Ranged Weapons | 5 |  5.0
Fighting       | |  1.5
Stealth        | |  1.5

Action                     |  1- 3 |  4- 6 || total
---------------------------+-------+-------++-------
   Fire: Shortbow          |   120 |    20 ||   140
    Use: Scroll            |     5 |       ||     5
         Potion            |     2 |       ||     2
 Armour: Robe              |    12 |     3 ||    15
  Dodge: Dodged            |    29 |    19 ||    48

Table legend:
 A = Non-vault XP
 B = Vault XP
 C = Vault XP percentage of total XP
 D = Non-vault monster count
 E = Vault monster count
 F = Vault count percentage of total count
                 A         B        C        D         E       F
            +---------+---------+-------+---------+---------+-------
      Total |     111 |       6 |   5.1 |      36 |       4 |  10.0
            +---------+---------+-------+---------+---------+-------
        D:1 |      34 |       0 |   0.0 |      19 |       0 |   0.0
        D:2 |      48 |       2 |   4.0 |      14 |       1 |   6.7
        D:3 |      29 |       4 |  12.1 |       3 |       3 |  50.0
            +---------+---------+-------+---------+---------+-------
